Map: Inside and Out

Players

Nice - Winner!

  • Race: Protoss Protoss
  • Spawn Location: 7:00

JonSnow

  • Race: Zerg Zerg
  • Spawn Location: 1:00

Event: DreamHack SC2 Masters 2022 Atlanta (Offline)

VOD

Have the link to the VOD?

Description

Time

  • Played on: Nov. 18, 2022, 10:18 a.m.
  • Length: 7:36

All games in this series

Show
View Real Time Build Order
Export as new Build Order

Nice Protoss - Winner!

Build Orders: 1 Gate Expand, Mass Adepts 

Get SALT Encoding   

  12  0:00  Probe  
  13  0:12  Probe  
  14  0:20  Pylon  
  14  0:24  Probe  
  15  0:38  Probe (Chrono Boost)  
  15  0:41  Gateway  
  16  0:49  Probe (Chrono Boost)  
  17  0:50  Assimilator  
  17  0:54  Probe (Chrono Boost)  
  18  1:04  Probe  
  19  1:16  Probe  
  20  1:26  Nexus  
  20  1:36  Cybernetics Core  
  20  1:43  Assimilator  
  20  1:45  Probe  
  21  1:51  Pylon  
  21  1:57  Probe  
  22  2:10  Probe (Chrono Boost), Adept (Chrono Boost)  
  22  2:13  Warp Gate  
  25  2:21  Probe (Chrono Boost)  
  26  2:24  Twilight Council  
  26  2:26  Probe (Chrono Boost)  
  27  2:34  Stalker  
  29  2:40  Probe x2 (Chrono Boost)  
  32  2:52  Robotics Facility  
  32  2:53  Probe x2 (Chrono Boost)  
  33  3:01  Probe  
  33  3:03  Probe, Resonating Glaives (Chrono Boost)  
  35  3:13  Probe  
  35  3:15  Probe  
  35  3:19  Gateway  
  37  3:32  Gateway  
  37  3:33  Gateway  
  37  3:36  Gateway  
  37  3:41  Gateway  
  37  3:46  Warp Prism (Chrono Boost)  
  39  3:55  Pylon  
  39  4:01  Adept  
  41  4:04  Pylon  
  41  4:05  Probe x2  
  43  4:15  Adept  
  45  4:17  Probe  
  45  4:19  Pylon  
  46  4:32  Adept x2  
  46  4:33  Adept x2  
  46  4:35  Adept x2  
  58  4:41  Pylon  
  58  4:54  Adept  
  58  4:55  Adept x3  
  66  5:01  Adept x2  
  70  5:10  Probe x2  
  70  5:13  Warp Prism (Chrono Boost)  
  62  5:36  Adept x2  
  62  5:37  Adept x4  
  62  5:40  Pylon  
  62  5:42  Observer (Chrono Boost), Pylon  
  75  5:47  Pylon  
  75  5:58  Adept x2  
  75  5:59  Adept x3  
  75  6:02  Adept  
  87  6:24  Adept x6  
  87  6:48  Adept x3  
  87  6:49  Adept x3  
  81  7:17  Adept x4  
  81  7:18  Adept x2  
  81  7:25  Pylon  
  81  7:26  Pylon  
Show
View Real Time Build Order
Export as new Build Order

JonSnow Zerg 

Build Orders: Hatch First 

Get SALT Encoding   

  12  0:01  Drone  
  13  0:12  Overlord  
  13  0:18  Drone  
  14  0:30  Drone x2  
  16  0:50  Hatchery  
  16  0:52  Drone  
  16  0:55  Drone  
  17  0:59  Drone  
  18  1:09  Extractor  
  17  1:14  Spawning Pool  
  17  1:17  Drone  
  17  1:22  Drone  
  18  1:27  Drone  
  19  1:38  Drone  
  20  1:48  Overlord  
  20  2:01  Queen  
  22  2:02  Queen  
  22  2:03  Zergling x2  
  22  2:04  Drone  
  26  2:10  Zergling x2  
  26  2:11  Metabolic Boost  
  26  2:15  Drone  
  28  2:25  Drone x2  
  30  2:37  Hatchery  
  30  2:41  Overlord  
  29  2:50  Queen  
  30  2:52  Zergling x2  
  30  2:56  Zergling x2  
  32  3:01  Drone x2  
  34  3:07  Drone x2  
  34  3:10  Overlord  
  36  3:14  Overlord  
  36  3:17  Drone  
  36  3:27  Queen  
  36  3:29  Queen  
  36  3:32  Drone  
  36  3:33  Drone  
  42  3:35  Drone  
  42  3:40  Overlord  
  43  3:44  Overlord  
  43  3:52  Overlord  
  43  3:56  Drone x4  
  47  4:04  Overlord  
  47  4:08  Roach Warren  
  46  4:17  Queen  
  46  4:20  Drone x3, Spine Crawler  
  46  4:21  Drone  
  51  4:26  Queen  
  53  4:32  Zergling x6  
  55  4:39  Overlord  
  55  4:41  Zergling x6  
  58  4:50  Roach x4  
  64  4:53  Zergling x2, Roach  
  64  4:59  Roach x2  
  70  5:06  Zergling x2, Roach x2  
  71  5:10  Roach  
  67  5:17  Zergling x4  
  67  5:20  Zergling x4  
  66  5:26  Zergling x4  
  62  5:31  Roach  
  61  5:38  Drone  
  61  5:40  Drone  
  63  5:43  Drone  
  63  5:44  Drone  
  63  5:47  Drone  
  66  5:50  Drone  
  67  5:58  Overlord  
  67  5:59  Drone  
  67  6:00  Drone  
  67  6:02  Extractor  
  68  6:09  Roach x2  
  74  6:11  Roach  
  74  6:17  Roach  
  74  6:18  Zergling x4  
  76  6:23  Zergling x2  
  76  6:24  Zergling x4  
  76  6:25  Zergling x2  
  74  6:33  Zergling x6  
  74  6:34  Zergling x2  
  74  6:39  Roach  
  70  6:45  Zergling x2  
  62  6:56  Zergling x6  
  62  6:59  Roach  
  62  7:00  Zergling x2  
  65  7:06  Zergling x2  
  63  7:11  Zergling x2  
Tags
 
Add a new tag
Caveats
  • Supply blocks, unpowered buildings, or Contaminate may cause inaccurate times.
  • Supply counts are checked every 10 seconds.